 Dungeon Crawl Stone Soup version 0.18.1-8-gdd0e5ea (webtiles) character file.

144 Liquid the Chucker (level 5, 0/81 HPs)
             Began as an Ogre Hunter on June 10, 2016.
             Succumbed to an adder's poison
             ... on level 3 of the Dungeon.
             The game lasted 00:04:58 (2766 turns).

Liquid the Chucker (Ogre Hunter)                    Turns: 2766, Time: 00:04:59

Health: 0/81       AC: 22    Str: 18    XL:     5   Next: 27%
Magic:  5/5        EV:  1    Int: 15    God:
Gold:   144        SH:  0    Dex: 10    Spells: 0 memorised, 4 levels left

rFire  . . .     SeeInvis .     k - +0 mace
rCold  . . .     Gourm    .     (armour currently unavailable)
rNeg   + + +     Faith    .     (no shield)
rPois  +         Spirit   .     (helmet currently unavailable)
rElec  .         Dismiss  .     (cloak currently unavailable)
rCorr  .         Reflect  .     (gloves unavailable)
SustAt .         Harm     .     (boots unavailable)
MR     .....     NoTele   +     (no amulet)
Stlth  ++........               (no ring)
                                (no ring)

@: brilliant, lethally poisoned (0 -> 0), tree-form, not resistant to hostile
enchantments, unstealthy
A: unfitting armour, (tough skin 0)
a: no special abilities


You were on level 3 of the Dungeon.
You were not hungry.
You were a tree.
You visited 1 branch of the dungeon, and saw 3 of its levels.

You collected 144 gold pieces.

Inventory:

Hand Weapons
 a - a +0 short sword
 j - a +0 club
 k - a +0 mace (weapon)
Missiles
 c - 5 large rocks (quivered)
 d - 2 throwing nets
Armour
 b - a +0 robe (melded)
Scrolls
 e - a scroll of magic mapping {unknown}
 h - 2 scrolls of identify {unknown}
 l - a scroll of recharging {unknown}
 p - a scroll of remove curse {unknown}
 q - a scroll of teleportation {unknown}
 r - a scroll of blinking {unknown}
Potions
 m - 2 potions of cure mutation
 n - a potion of lignification
Comestibles
 f - 3 bread rations
 g - 2 fruits
 i - a slice of pizza
 o - a meat ration
 t - 4 chunks of flesh


   Skills:
 + Level 4.2 Fighting
 * Level 3.4 Maces & Flails
 + Level 4.4 Throwing
 - Level 2.0 Dodging
 + Level 1.7 Stealth


You had 4 spell levels left.
You didn't know any spells.

Dungeon Overview and Level Annotations

Branches:
Dungeon (3/15)

Altars:
Elyvilon
Gozag
Vehumet
Xom


Innate Abilities, Weirdness & Mutations

You are too large for most types of armour.
((You have tough skin (AC +1).))


Message History

You feel sick. The orc hits you but does no damage.
You barely miss the orc.
The orc is heavily wounded.
The orc hits you but does no damage.
You barely miss the orc.
The orc is heavily wounded.
The orc hits you but does no damage.
You hit the orc but do no damage.
The orc is heavily wounded.
* * * LOW HITPOINT WARNING * * *
You feel sick. The orc hits you but does no damage. x2
You hit the orc but do no damage.
The orc is heavily wounded.
The orc hits you but does no damage.
You hit the orc but do no damage.
The orc is heavily wounded.
The orc hits you but does no damage.
You barely miss the orc.
The orc is heavily wounded.
You die...

#.................. ..
#.#................
#.##.#................
##....#................
#......................
..#####.##.....#......#
#..###..###.###### #.##
##.# #.# #♣# #.# #.#
##..#####o# #.# #.#
....g.o.oo# #.# #.#
########.g..# #.. #.#
#.##.# ### #.# ... ...
#.# ..... ##.. .....# #
#######


You could see 3 orcs and a hobgoblin.

Vanquished Creatures
  An orc priest (D:2)
  4 adders
  An ooze (D:2)
  A worm (D:2)
  3 dart slugs
  3 giant geckos
  4 orcs
  2 giant cockroaches
  5 goblins
  5 hobgoblins
  5 jackals (D:1)
  5 kobolds
  A ball python (D:1)
  10 bats
  2 giant newts (D:2)
  4 rats
56 creatures vanquished.

Notes
Turn   | Place    | Note
--------------------------------------------------------------
     0 | D:1      | Liquid the Ogre Hunter began the quest for the Orb.
     0 | D:1      | Reached XP level 1. HP: 22/22 MP: 1/1
    37 | D:1      | Reached skill level 1 in Stealth
    98 | D:1      | Reached XP level 2. HP: 10/29 MP: 2/2
  1173 | D:1      | Reached XP level 3. HP: 33/37 MP: 3/3
  1191 | D:1      | Reached skill level 1 in Maces & Flails
  1600 | D:2      | Found a white marble altar of Elyvilon.
  1631 | D:2      | Reached XP level 4. HP: 25/48 MP: 4/4
  2120 | D:2      | Found a faded altar to an unknown god.
  2215 | D:2      | Found a shimmering altar of Xom.
  2218 | D:2      | Found an opulent altar of Gozag.
  2220 | D:2      | Found a radiant altar of Vehumet.
  2369 | D:2      | Reached XP level 5. HP: 24/54 MP: 5/5
  2752 | D:3      | HP: 4/81 [poisoned by an adder]
  2754 | D:3      | HP: 1/81 [poisoned by an adder]
  2760 | D:3      | HP: 1/81 [poisoned by an adder]
  2766 | D:3      | Succumbed to an adder's poison

Skill      XL: |  1  2  3  4 |
---------------+-------------+-----
Stealth        | 1 |  1.7
Dodging        | 2 |  2.0
Fighting       | 3 4 |  4.2
Maces & Flails | 2 3 |  3.4
Throwing       | |  4.4

Action                   |  1- 3 |  4- 6 || total
-------------------------+-------+-------++-------
Melee: Short sword       |    71 |       ||    71
       Club              |    18 |       ||    18
       Mace              |    47 |    96 ||   143
Throw: Large rock        |     3 |     5 ||     8
  Use: Potion            |       |     3 ||     3
  Eat: Chunk             |     2 |     4 ||     6
Armor: Robe              |    58 |    31 ||    89
       Skin              |       |    17 ||    17
Dodge: Dodged            |   115 |    63 ||   178
